 Dungeon Crawl Stone Soup version 0.29-a0-322-g68df515428 (webtiles) character file.

Game seed: 183343312266943025

61 chopper the Shield-Bearer (level 3, -1/33 HPs)
             Began as a Minotaur Fighter on Apr 6, 2022.
             Slain by a gnoll
             ... wielding a +2 flail of protection
              (2 damage)
             ... on level 2 of the Dungeon.
             The game lasted 00:04:21 (1120 turns).

chopper the Shield-Bearer (Minotaur Fighter)        Turns: 1120, Time: 00:04:22

Health: -1/33      AC: 10    Str: 22    XL:     3   Next: 83%
Magic:  2/2        EV:  7    Int:  5    God:
Gold:   66         SH:  4    Dex:  9    Spells: 2/2 levels left

rFire   . . .      SeeInvis .   a - +0 war axe
rCold   . . .      Faith    .   c - +0 buckler
rNeg    . . .      Spirit   .   l - +0 chain mail
rPois   .          Reflect  .   (helmet restricted)
rElec   .          Harm     .   e - +0 cloak
rCorr   .          Rampage  .   (no gloves)
Will    .....                   (no boots)
Stlth   ..........              (no amulet)
HPRegen 0.11/turn               h - ring of flight
MPRegen 0.08/turn               (no ring)

@: mighty, flying
A: horns 2, retaliatory headbutt
a: no special abilities


You were on level 2 of the Dungeon.
You visited 1 branch of the dungeon, and saw 2 of its levels.

You collected 66 gold pieces.

Inventory:

Hand Weapons
 a - a +0 war axe (weapon)
Armour
 c - a +0 buckler (worn)
 e - a +0 cloak (worn)
 l - a +0 chain mail (worn)
Jewellery
 h - a ring of flight (left hand)
Scrolls
 f - 3 scrolls of identify {unknown}
 i - 2 scrolls of blinking {unknown}
 j - a scroll of enchant weapon {unknown}
 k - a scroll of noise {unknown}
Potions
 d - a potion of might
 g - a potion of haste {unknown}


   Skills:
 + Level 4.0 Fighting
 + Level 3.9 Axes
 + Level 4.0 Armour
 + Level 0.3 Dodging
 + Level 4.0 Shields


You had 2 spell levels left.
You didn't know any spells.
Your spell library contained the following spells:

 Spells                   Type           Power      Damage    Failure   Level
 Frozen Ramparts          Ice            0%         1d2       100%        3
 Ice Form                 Ice/Tmut       0%         N/A       100%        4
 Summon Ice Beast         Ice/Summ       0%         N/A       100%        4


Dungeon Overview and Level Annotations

Branches:
Dungeon (2/15)

Altars:


Innate Abilities, Weirdness & Mutations

You have a pair of horns on your head.
You reflexively headbutt those who attack you in melee.


Message History

A gnoll comes into view. It is wielding a +0 spear.
The gnoll shouts!
You hear a shout!
The gnoll hits you but does no damage.
You hear an angry hiss.
You slash the gnoll!
The gnoll is severely wounded.
You barely miss the gnoll. The gnoll hits you but does no damage.
The gnoll hits you with a +2 flail of protection.
The gnoll hits you with a +0 club. The gnoll closely misses you.
You hit the gnoll.
The gnoll is almost dead.
You hit the gnoll but do no damage. The gnoll barely misses you.
A gnoll comes into view. It is wielding a +0 whip.
The gnoll hits you but does no damage.
You hit the gnoll.
You kill the gnoll!
You hit the gnoll.
The gnoll hits you with a +2 flail of protection!
A frilled lizard comes into view.
The frilled lizard hisses angrily.
You block the gnoll's attack.
The gnoll hits you with a +2 flail of protection.
* * * LOW HITPOINT WARNING * * *
Things that are here:
a +0 club; a gnoll corpse You feel very mighty all of a sudden.
The gnoll hits you with a +0 spear.
* * * LOW HITPOINT WARNING * * *
The gnoll hits you with a +2 flail of protection.
* * * LOW HITPOINT WARNING * * *
You slash the gnoll!
You kill the gnoll!
You hit the gnoll. The gnoll barely misses you.
The gnoll hits you but does no damage. The gnoll hits you with a +0 whip.
* * * LOW HITPOINT WARNING * * *
You slash the gnoll! Your headbutt misses the gnoll.
The gnoll is almost dead.
You hit the gnoll but do no damage. The gnoll hits you but does no damage.
The gnoll hits you with a +2 flail of protection.
You die...

#....>.......#
#............#
#............## .
###....^......#..
#..............
#...........###
#..........####
#.g....†.......
#@............#
#g#.......#...#
#.l##.....##...#
...######.## #..
...# ...> #. ...
#### .... ....


You could see 2 gnolls and a frilled lizard.

Vanquished Creatures
  2 gnolls (D:2)
  5 ball pythons
  2 endoplasms (D:1)
  2 giant cockroaches
  5 goblins (D:1)
  2 hobgoblins (D:1)
  7 jackals
  3 bats (D:1)
  A frilled lizard (D:2)
  4 kobolds
  6 rats (D:1)
39 creatures vanquished.

Notes
Turn   | Place    | Note
-------+----------+-------------------------------------------
     0 | D:1      | chopper the Minotaur Fighter began the quest for the Orb.
     0 | D:1      | Reached XP level 1. HP: 19/19 MP: 0/0
   117 | D:1      | Reached XP level 2. HP: 25/27 MP: 1/1
   860 | D:1      | Reached XP level 3. HP: 33/33 MP: 2/2
  1118 | D:2      | HP: 1/33 [gnoll/+2 flail of protection (6)]
  1120 | D:2      | Slain by a gnoll

Illustrated notes

Levels and vault maps discovered:
D:1:      dpeg_arrival_connections, layout_basic
D:2:      layout_rooms, minmay_misc_feat_cross

Skill      XL: |  1  2  3 |
---------------+----------+-----
Shields        | 4 |  4.0
Fighting       | 4 |  4.0
Armour         | 4 |  4.0
Axes           | 3 |  3.9
Dodging        | |  0.3

Action                   || total
-------------------------++-------
Melee: War axe           ||    51
       Headbutt          ||     2
  Use: Potion            ||     1
Armor: Scale mail        ||    47
       Chain mail        ||     7
Dodge: Dodged            ||    57
Block: Buckler           ||    26

Table legend: (Time is in decaauts)
 A = Elapsed time spent in this place.
 B = Non-inter-level travel time spent in this place.
 C = Inter-level travel time spent in this place.
 D = Time resting spent in this place.
 E = Time spent auto-exploring this place.
 F = Levels seen in this place.
 G = Mean time per level.
                   A        B        C        D        E       F      G
               +--------+--------+--------+--------+--------+-----+--------+
         Total |   1139 |   1139 |      0 |      0 |      0 |   2 |  569.5 |
       Dungeon |   1139 |   1139 |      0 |      0 |      0 |   2 |  569.5 |
               +--------+--------+--------+--------+--------+-----+--------+

Top non-repeatable levels by time:
     D:1: 914 daAuts
     D:2: 224 daAuts
